 Dungeon Crawl Stone Soup version 0.18.1-48-g4cf74bf (webtiles) character file.

203 Inkary the Ruffian (level 5, 0/47 HPs)
             Began as a Ghoul Monk on Sept 2, 2016.
             Slain by an iguana (9 damage)
             ... on level 4 of the Dungeon.
             The game lasted 00:07:30 (2140 turns).

Inkary the Ruffian (Ghoul Monk)                     Turns: 2140, Time: 00:07:30

Health: 0/47       AC:  4    Str: 17    XL:     5   Next: 81%
Magic:  4/4        EV: 13    Int:  5    God:
Gold:   166        SH:  0    Dex: 12    Spells: 0 memorised, 4 levels left

rFire  . . .     SeeInvis .       - Unarmed
rCold  + . .     Gourm    .     l - +0 leather armour
rNeg   + + +     Faith    .     (no shield)
rPois  ∞         Spirit   .     (no helmet)
rElec  .         Dismiss  .     t - +0 cloak
rCorr  .         Reflect  .     (no gloves)
SustAt .         Harm     .     (no boots)
MR     .....                    e - amulet of magic regeneration
Stlth  ++........               (no ring)
                                h - +2 ring of strength

@: very slightly contaminated, rotting, hasted, very quick, not resistant to
hostile enchantments, unstealthy
A: rotting body, claws 1, carnivore 3, cold resistance 1, negative energy
resistance 3, slow regeneration 1, torment resistance, unbreathing
a: no special abilities


You were on level 4 of the Dungeon.
You were not hungry.

You visited 1 branch of the dungeon, and saw 4 of its levels.

You collected 166 gold pieces.

Inventory:

Armour
 l - a +0 leather armour (worn)
 t - a +0 cloak (worn)
Jewellery
 e - an amulet of magic regeneration (around neck)
 h - a +2 ring of strength (left claw)
Wands
 o - a wand of enslavement (13/24)
Scrolls
 i - a scroll of enchant armour {unknown}
 j - a scroll of amnesia {unknown}
 n - a scroll of magic mapping {unknown}
 p - a scroll of enchant weapon {unknown}
 q - a scroll of recharging {unknown}
 s - a scroll of teleportation {unknown}
Potions
 c - 2 potions of haste
 d - 2 potions of curing
 k - 2 potions of might
 r - 2 potions of lignification {unknown}
Comestibles
 a - a slice of pizza
 b - a meat ration
 g - a royal jelly
 m - a beef jerky


   Skills:
 + Level 4.7 Fighting
 + Level 3.5 Dodging
 + Level 3.9 Stealth
 + Level 5.1 Unarmed Combat


You had 4 spell levels left.
You didn't know any spells.

Dungeon Overview and Level Annotations

Branches:
Dungeon (4/15)
 Temple: D:4-7

Altars:
Cheibriados
Gozag
Makhleb
Yredelemnul


Innate Abilities, Weirdness & Mutations

Your body is rotting away.
You thrive on raw meat.
You are immune to poison.
You have sharp fingernails.
You are carnivorous and can eat meat at any time.
Your flesh is cold resistant.
You are immune to negative energy.
You regenerate slowly when monsters are visible.
You are immune to unholy pain and torment.
You can survive without breathing.


Message History

You continue eating.
The iguana closely misses you.
You continue eating.
The iguana bites you.
* * * LOW HITPOINT WARNING * * *
Drink which item? (? for menu, Esc to quit)
You feel yourself speed up. The iguana barely misses you.
You are very lightly contaminated with residual magic.
Eat which item? (? for menu, Esc to quit)
Yeuchh!
Vegetable.
You are too injured to fight recklessly!
You closely miss the iguana.
The iguana is lightly wounded.
The iguana misses you.
You completely miss the iguana.
The iguana is lightly wounded.
You barely miss the iguana.
The iguana is lightly wounded.
The iguana bites you!
You die...

#.....(.....#..#
#...#
##.........#####
###.#
...##<...#.###
###
#.....#..#...#
##..####...#<#
....# ###...#
###... ##..###
###.#
#....####### ...
##..gl@....# ##.
##.######.# .
.... .. ..h....
h.. ≈≈≈≈≈≈....
≈≈≈ ≈≈≈≈≈≈....≈
≈≈ ≈≈≈≈≈≈....≈≈
≈ .......


You could see an iguana and a gnoll.

Vanquished Creatures
  A giant frog skeleton (D:4)
  A hound (D:3)
  Ijyb (D:2)
  A worker ant (D:4)
  3 adders
  An ooze (D:1)
  An adder skeleton (D:4)
  A worm (D:2)
  A giant gecko (D:2)
  6 bats
  3 giant cockroaches (D:1)
  4 goblins
  11 hobgoblins
  7 jackals
  2 ball pythons
  2 giant newts
  3 kobolds
  8 rats
57 creatures vanquished.

Notes
Turn   | Place    | Note
--------------------------------------------------------------
     0 | D:1      | Inkary the Ghoul Monk began the quest for the Orb.
     0 | D:1      | Reached XP level 1. HP: 19/19 MP: 0/0
   163 | D:1      | You fall through a shaft!
   185 | D:2      | Reached XP level 2. HP: 20/26 MP: 1/1
   216 | D:2      | Found a snail-covered altar of Cheibriados.
   439 | D:1      | Reached XP level 3. HP: 27/33 MP: 2/2
  1163 | D:2      | Noticed Ijyb
  1186 | D:2      | Killed Ijyb
  1186 | D:2      | Reached XP level 4. HP: 30/39 MP: 3/3
  1469 | D:2      | Found a basalt altar of Yredelemnul.
  1900 | D:3      | Found a burning altar of Makhleb.
  1906 | D:3      | Reached skill level 5 in Unarmed Combat
  1906 | D:3      | Reached XP level 5. HP: 33/47 MP: 4/4
  1950 | D:3      | Found an opulent altar of Gozag.
  2140 | D:4      | Slain by an iguana

Skill      XL: |  1  2  3  4 |
---------------+-------------+-----
Stealth        | 3 |  3.9
Fighting       | 4 |  4.7
Dodging        | 3 |  3.5
Unarmed Combat | 5 |  5.1

Action                   |  1- 3 |  4- 6 || total
-------------------------+-------+-------++-------
Melee: Unarmed           |   116 |   100 ||   216
       Punch             |     2 |       ||     2
  Use: Scroll            |       |     3 ||     3
       Potion            |       |     1 ||     1
 Stab: Sleeping          |     9 |     1 ||    10
       Distracted        |       |     1 ||     1
  Eat: Chunk             |     4 |     4 ||     8
       Pizza             |       |     1 ||     1
Armor: Robe              |    14 |       ||    14
       Leather armour    |     5 |    16 ||    21
Dodge: Dodged            |    54 |    53 ||   107
